 Dungeon Crawl Stone Soup version 0.29.0-15-g675c0067aa (webtiles) character file.

Game seed: 12364155349791530934

6026 gelatine the Cleaver (level 10, 0/84 (91) HPs)
             Began as a Minotaur Berserker on Sept 12, 2022.
             Was a High Priest of Trog.
             Slain by a two-headed ogre
             ... wielding a +0 giant spiked club
              (10 damage)
             ... on level 9 of the Dungeon.
             The game lasted 00:22:06 (10415 turns).

gelatine the Cleaver (Minotaur Berserker)          Turns: 10415, Time: 00:22:07

HP:   0/84 (91)     AC: 11    Str: 28    XL:     10   Next: 56%
MP:   9/9           EV: 12    Int:  4    God:    Trog [*****.]
Gold: 272           SH:  4    Dex: 10    Spells: 9/9 levels left

rFire   . . .      SeeInvis .   a - +3 war axe of the Original Sin {drain, Str+2}
rCold   + . .      Faith    .   (no shield)
rNeg    . . .      Spirit   .   i - +0 scale mail
rPois   .          Reflect  .   (helmet restricted)
rElec   .          Harm     .   B - +2 cloak
rCorr   .          Rampage  .   (no gloves)
Will    .....      Rage     3%  (no boots)
Stlth   ..........              (no amulet)
HPRegen 0.24/turn               (no ring)
MPRegen 0.11/turn               (no ring)

@: drained
A: horns 2, retaliatory headbutt, large bone plates 1, berserk 1, cold
resistance 1, MP-powered wands
a: Renounce Religion, Berserk, Trog's Hand, Brothers in Arms


You were on level 9 of the Dungeon.
You worshipped Trog.
Trog was extremely pleased with you.
You visited 2 branches of the dungeon, and saw 10 of its levels.
You also visited: Sewer.

You collected 450 gold pieces.
You spent 178 gold pieces at shops.

Inventory:

Hand Weapons
 a - the +3 war axe of the Original Sin (weapon) {drain, Str+2}
   (You bought it in a shop on level 5 of the Dungeon)

   A truly terrible weapon, it drains the life of any living foe it strikes.
   Str:       It affects your strength (+2).
 w - the +7 flail of the Zealous God {elec, Will++}
   (You found it on level 7 of the Dungeon)

   It occasionally discharges a powerful burst of electricity upon striking a
   foe.
   Will:      It greatly increases your willpower.
 C - a +3 hand axe of freezing
 G - a +3 battleaxe
Missiles
 y - 9 boomerangs (quivered)
 E - 2 curare-tipped darts
 F - 4 throwing nets
Armour
 i - a +0 scale mail (worn)
 B - a +2 cloak (worn)
Wands
 b - a wand of polymorph (5)
 v - a wand of iceblast (5)
Scrolls
 d - 2 scrolls of butterflies
 h - 7 scrolls of teleportation
 m - 2 scrolls of noise
 p - 2 scrolls of fear
 t - a scroll of vulnerability
 A - a scroll of immolation {unknown}
 D - a scroll of identify
Potions
 c - 2 potions of berserk rage {unknown}
 e - a potion of cancellation {unknown}
 f - a potion of lignification {unknown}
 g - 4 potions of heal wounds
 j - 5 potions of brilliance {unknown}
 k - 4 potions of mutation
 l - 7 potions of curing {unknown}
 n - 2 potions of resistance
 o - 3 potions of might {unknown}
 q - a potion of invisibility {unknown}
 r - 4 potions of flight
 u - 2 potions of attraction {unknown}
 x - a potion of degeneration {unknown}
 z - a potion of haste


   Skills:
 + Level 9.0 Fighting
 + Level 12.7 Axes
 + Level 9.4 Armour
 + Level 6.2 Dodging
 + Level 1.7 Stealth
 + Level 3.2 Shields
 + Level 1.2 Evocations


You had 9 spell levels left.
You didn't know any spells.
Your spell library was empty.

Dungeon Overview and Level Annotations

Branches:
Dungeon (9/15)             Temple (1/1) D:5           Sewer (visited)
   Lair: D:8-11         Orc: D:9-12

Altars:
Ashenzari
Cheibriados
Dithmenos
Elyvilon
Fedhas
Gozag
Hepliaklqana
Makhleb
Okawaru
Ru
Sif Muna
Trog
Uskayaw
Vehumet
Wu Jian
Xom
Yredelemnul
Zin
The Shining One

Shops:
D:5 (

Annotations:
D:8 2 transporters, exclusion: obsidian statue
D:9 exclusion: ice statue


Innate Abilities, Weirdness & Mutations

You have a pair of horns on your head.
You reflexively headbutt those who attack you in melee.
You are partially covered in large bone plates. (SH +4)
You sometimes lose your temper in combat.
Your flesh is cold resistant. (rC+)
You expend magic power (3 MP) to strengthen your wands.


Message History

The ice beast barely misses you. You furiously retaliate!
You headbutt the ice beast, but do no damage.
Blink to where?
Press: ? - help, Q - select action, (/) - cycle Dir - move target, p - ice beast
As you read the scroll of blinking, it crumbles to dust.
You start resting.
An ice beast is nearby!
An ice beast is nearby!
You hit the ice beast.
The ice beast is severely wounded.
The ice beast hits you but does no damage.
You barely miss the ice beast. You headbutt the ice beast.
You kill the ice beast!
The ice beast disappears in a puff of smoke!
You hit the ice beast but do no damage. You headbutt the ice beast!
The ice beast is almost dead.
The ice beast hits you but does no damage.
You slash the ice beast!
You kill the ice beast!
The ice beast disappears in a puff of smoke!
You start resting.
HP restored.
A two-headed ogre comes into view.
It is wielding two +0 giant spiked clubs.
The two-headed ogre shouts in stereo!
An electric eel comes into view.
The two-headed ogre moves out of view.
Found a diamond-encrusted ring mail.
The electric eel shoots out a bolt of lightning at you!
The bolt of electricity hits you!
The two-headed ogre hits you with a +0 giant spiked club!! x2
You hit the electric eel.
The electric eel is lightly wounded.
You closely miss the two-headed ogre. You hit the electric eel.
The electric eel is lightly wounded.
You hit the two-headed ogre. You drain the two-headed ogre.
The two-headed ogre hits you with a +0 giant spiked club!!
* * * LOW HITPOINT WARNING * * *
The two-headed ogre hits you with a +0 giant spiked club!
You die...

#.........# #.........#
#.........#
#.........#####
#.....$.......#
#.........# #.#
#.......O.###.####### #
#.[....@..##........####
#.....S~~...............
##...~P♣♣♣##.######[####
##.~~~ #.# #.#### #.♣P~
♣.# #..... #♣~~~ ♣.#
#.##.# ♣P♣♣ ~♣# #.##.#
♣~ P #..... ~ ####..


You could see a two-headed ogre (drained) and an electric eel.

Vanquished Creatures
  Harold (D:9)
  Pikel (D:8)
  Grinder (D:6)
  A wyvern (D:7)
  Eustachio (D:6)
  Menkaure (D:7)
  A steam dragon (D:7)
  Edmund (D:5)
  2 water moccasins
  2 orc warriors
  A sky beast (D:8)
  2 ice beasts
  2 ogres
  3 centaurs
  A lemure (D:8)
  Blork the orc (D:5)
  3 kobold brigands
  4 bullfrogs
  7 scorpions
  11 wights
  15 killer bees
  A howler monkey (D:5)
  3 jellies
  A hound (D:6)
  5 orc priests
  Crazy Yiuf (D:6)
  Jessica (D:3)
  Terence (D:3)
  5 iguanas
  3 orc wizards
  4 gnolls (D:3)
  3 river rats (Sewer)
  16 adders
  3 white imps (D:7)
  4 ufetubi (D:5)
  5 worms
  5 dart slugs
  13 orcs
  7 bats
  9 endoplasms
  7 goblins
  7 hobgoblins
  13 jackals
  2 quokkas (D:4)
  7 ball pythons
  5 frilled lizards
  11 kobolds
  12 rats
216 creatures vanquished.

Vanquished Creatures (others)
  12 fungi (D:5)
  2 plants (D:9)
14 creatures vanquished.

Grand Total: 230 creatures vanquished

Notes
Turn   | Place    | Note
-------+----------+-------------------------------------------
     0 | D:1      | gelatine the Minotaur Berserker began the quest for the
                  | Orb.
     0 | D:1      | Reached XP level 1. HP: 19/19 MP: 0/0
    40 | D:1      | Reached XP level 2. HP: 12/27 MP: 1/1
    50 | D:1      | Reached skill level 4 in Axes
   564 | D:1      | Reached XP level 3. HP: 30/33 MP: 2/2
   641 | D:1      | Reached ** piety under Trog
  1217 | D:2      | Found a faded altar of an unknown god.
  1357 | D:2      | Reached XP level 4. HP: 40/40 MP: 3/3
  1871 | D:3      | Reached skill level 5 in Axes
  1993 | D:3      | Found a bloodstained altar of Trog.
  2066 | D:3      | Noticed Terence
  2077 | D:3      | Killed Terence
  2078 | D:3      | Reached XP level 5. HP: 32/47 MP: 4/4
  2096 | D:3      | Reached *** piety under Trog
  2123 | D:3      | Found a glowing drain.
  2130 | Sewer    | Entered a sewer
  2957 | Sewer    | Reached skill level 5 in Fighting
  2957 | Sewer    | Reached XP level 6. HP: 26/56 MP: 5/5
  3758 | D:3      | Noticed Jessica
  3761 | D:3      | Found a hide-covered altar of Uskayaw.
  3772 | D:3      | Killed Jessica
  3773 | D:3      | Reached skill level 6 in Axes
  4094 | D:4      | Reached skill level 5 in Armour
  4311 | D:4      | Reached XP level 7. HP: 37/61 MP: 6/6
  4432 | D:4      | Found a shimmering blue altar of Sif Muna.
  5032 | D:4      | You fall into a shaft and drop 1 floor!
  5032 | D:5      | Entered Level 5 of the Dungeon
  5039 | D:5      | Reached skill level 7 in Axes
  5134 | D:5      | Found a staircase to the Ecumenical Temple.
  5140 | Temple   | Entered the Ecumenical Temple
  5450 | D:4      | Found a hazy altar of Hepliaklqana.
  5726 | D:4      | Found a snail-covered altar of Cheibriados.
  5796 | D:5      | Reached XP level 8. HP: 67/70 MP: 7/7
  5802 | D:5      | Reached **** piety under Trog
  5816 | D:5      | Noticed Blork the orc
  5820 | D:5      | Killed Blork the orc
  5837 | D:5      | Found Ahecuixe's Antique Weapon Shoppe.
  5854 | D:5      | Bought a faintly glowing war axe for 178 gold pieces
  5854 | D:5      | Identified the +3 war axe of the Original Sin {drain,
                  | Str+2} (You bought it in a shop on level 5 of the Dungeon)
  5918 | D:5      | Noticed Edmund
  5928 | D:5      | Killed Edmund
  5929 | D:5      | Reached skill level 8 in Axes
  5929 | D:5      | Reached skill level 1 in Stealth
  6206 | D:5      | Gained mutation: Your flesh is cold resistant. (rC+)
                  | [potion of mutation]
  6206 | D:5      | Gained mutation: You are partially covered in large bone
                  | plates. (SH +4) [potion of mutation]
  6206 | D:5      | Gained mutation: You sometimes lose your temper in combat.
                  | [potion of mutation]
  6206 | D:5      | Gained mutation: You expend magic power (3 MP) to
                  | strengthen your wands. [potion of mutation]
  6612 | D:5      | Found a shimmering altar of Xom.
  6706 | D:6      | Reached skill level 5 in Dodging
  6840 | D:6      | Found a glowing golden altar of the Shining One.
  6865 | D:6      | Found an iron altar of Okawaru.
  7018 | D:6      | Reached skill level 1 in Evocations
  7040 | D:6      | Noticed Grinder
  7049 | D:6      | Paralysed by Grinder for 2 turns
  7053 | D:6      | Killed Grinder
  7324 | D:6      | Reached skill level 9 in Axes
  7410 | D:6      | Noticed Eustachio
  7416 | D:6      | Reached XP level 9. HP: 71/78 MP: 8/8
  7429 | D:6      | Killed Eustachio
  7555 | D:6      | Found a runed translucent door.
  7556 | D:6      | Noticed Crazy Yiuf
  7560 | D:6      | Killed Crazy Yiuf
  7561 | D:6      | Reached skill level 1 in Shields
  7633 | D:7      | Reached skill level 10 in Axes
  7898 | D:7      | Identified the +7 flail of the Zealous God {elec, Will++}
  7986 | D:7      | Found a burning altar of Makhleb.
  8115 | D:7      | Noticed Menkaure
  8414 | D:7      | Killed Menkaure
  8587 | D:8      | Reached skill level 11 in Axes
  8786 | D:8      | Noticed a troll
  8786 | D:8      | Noticed a skeletal warrior
  8787 | D:8      | Noticed a troll
  8787 | D:8      | Noticed a centaur warrior
  8788 | D:8      | Found a transporter.
  8788 | D:8      | Noticed an obsidian statue
  8840 | D:8      | Found a blossoming altar of Fedhas.
  8840 | D:8      | Noticed Pikel
  8850 | D:8      | Killed Pikel
  8851 | D:8      | Reached XP level 10. HP: 78/88 MP: 9/9
  9157 | D:8      | Found a transporter.
  9290 | D:8      | Reached ***** piety under Trog
  9562 | D:9      | Reached skill level 12 in Axes
  9731 | D:9      | Noticed Harold
  9739 | D:9      | Killed Harold
 10081 | D:9      | Noticed an ice statue
 10410 | D:9      | Noticed a two-headed ogre
 10415 | D:9      | Slain by a two-headed ogre

Illustrated notes

Levels and vault maps discovered:
D:1:      nzn_arrival_crosshair, layout_basic, minmay_misc_feat_iff,
          minmay_split_cup_small
D:2:      minmay_evil_eye, layout_loops_ring,
          hellmonk_ecumenical_altar_pennies_from_heaven
D:3:      layout_basic, mainiacjoe_overflow_catch_the_wave,
          gup_sewer_entry_bubbles, uniq_terence, uniq_jessica
D:4:      layout_basic, nzn_hepliaklqana_mist_gate, general_overflow_altar,
          lemuel_tele_altar
D:5:      layout_rooms, mainiacjoe_overflow_six_doors_small,
          minmay_temple_entry_fiery, serial_shops, nicolae_diamond_shop,
          serial_aquarium, aquarium_bridge_square [aquarium_subvault_bridge,
          aquarium_subvault_window, aquarium_subvault_wall,
          aquarium_subvault_window], aquarium_bridge_straight
          [aquarium_subvault_bridge, aquarium_subvault_balcony,
          aquarium_subvault_bridge, aquarium_subvault_window],
          aquarium_window_corridor_1, aquarium_window_corner, aquarium_window_2,
          aquarium_view_2e, aquarium_balcony_3b, uniq_edmund, uniq_blork_the_orc
D:6:      layout_rooms, tso_oasis_becter, okawaru_ov_weapons_minmay,
          uniq_crazy_yiuf_cottage, uniq_grinder, uniq_eustachio
D:7:      layout_rooms, mainiacjoe_overflow_alcove_1, ldierk_geyser,
          minmay_holes, chequers_arboretum, uniq_menkaure
D:8:      gammafunk_sealed_arena, layout_basic, fedhas_altar_fruit_tree,
          uniq_pikel
D:9:      lemuel_ice_statue, layout_loops_ring, mainiacjoe_overflow_alcove_2,
          mainiacjoe_overflow_alcove_4, kennysheep_orc_monster_closet_entryway,
          serial_bayou_lake_a, uniq_harold
Temple:   nicolae_temple_ecumenical_triangle

Skill      XL: |  1  2  3  4  5  6  7  8  9 10 |
---------------+-------------------------------+-----
Fighting       | 4 5 6 7 9 |  9.0
Axes           | 4 5 6 7 9 11 12 | 12.7
Dodging        | 3 4 5 6 |  6.2
Armour         | 3 4 5 6 8 9 |  9.4
Stealth        | 1 |  1.7
Evocations     | 1 |  1.2
Shields        | 2 3 |  3.2

Action                   |  1- 3 |  4- 6 |  7- 9 | 10-12 || total
-------------------------+-------+-------+-------+-------++-------
Melee: Hand axe          |    91 |   196 |    91 |       ||   378
       Headbutt          |    12 |    27 |    41 |     9 ||    89
       Punch             |       |     2 |     7 |     1 ||    10
       War axe           |       |       |   152 |    85 ||   237
Throw: Boomerang         |       |       |       |     7 ||     7
Invok: Berserk           |       |     1 |     3 |       ||     4
       Trog's Hand       |       |       |     3 |       ||     3
Evoke: Wand              |       |       |     4 |       ||     4
  Use: Scroll            |       |       |    13 |     1 ||    14
       Potion            |       |       |     1 |       ||     1
Armor: Animal skin       |     9 |       |       |       ||     9
       Scale mail        |    23 |    58 |    84 |    33 ||   198
Dodge: Dodged            |    76 |   112 |   133 |    45 ||   366
Block: Other             |       |       |    27 |    11 ||    38
